 Dungeon Crawl Stone Soup version 0.31-a0-4-gefa6de2278 (webtiles) character file.

Game seed: 8110280640597578663

816 themarg the Zephyrmancer (level 7, -5/40 HPs)
             Began as a Tengu Air Elementalist on May 4, 2023.
             Shot with a bolt by an orc warrior (15 damage)
             ... on level 4 of the Dungeon.
             The game lasted 00:14:11 (5789 turns).

themarg the Zephyrmancer (Tengu Air Elementalist)   Turns: 5789, Time: 00:14:12

Health: -5/40      AC:  2    Str:  8    XL:     7   Next: 94%
Magic:  4/11       EV: 14    Int: 18    God:
Gold:   264        SH:  0    Dex: 14    Spells: 4/11 levels left

rFire   . . .        v - +0 dagger (venom)
rCold   . . .        (no shield)
rNeg    + . .        a - +0 robe
rPois   .            (helmet restricted)
rElec   .            (no cloak)
rCorr   +            (no gloves)
SInv    .            (boots unavailable)
Will    .....        (no amulet)
Stlth   ++           r - ring of resist corrosion
HPRegen 0.26/turn    z - ring of positive energy
MPRegen 0.12/turn

%: no passive effects
@: flying quickly and evasively, quick
A: beak, talons 3, nimble flight
a: no special abilities


You were on level 4 of the Dungeon.
You visited 1 branch of the dungeon, and saw 5 of its levels.

You collected 264 gold pieces.

Inventory:

Hand Weapons
 v - a +0 dagger of venom (weapon)
Missiles
 e - 4 javelins
 g - 16 poisoned darts
 m - 39 stones
 p - 4 boomerangs
Armour
 a - a +0 robe (worn)
Jewellery
 r - a ring of resist corrosion (left hand)
 z - a ring of positive energy (right hand)
Scrolls
 c - a scroll of fog {unknown}
 d - 2 scrolls of amnesia
 f - 3 scrolls of teleportation {unknown}
 i - a scroll of enchant armour {unknown}
 l - a scroll of noise {unknown}
 t - a scroll of brand weapon {unknown}
 w - 2 scrolls of fear {unknown}
 y - 2 scrolls of blinking {unknown}
Potions
 b - 2 potions of magic
 h - a potion of berserk rage {unknown}
 j - 2 potions of invisibility
 k - 2 potions of lignification {unknown}
 n - 3 potions of curing {unknown}
 o - a potion of attraction {unknown}
 q - a potion of haste {unknown}
 s - a potion of heal wounds {unknown}
 u - a potion of brilliance {unknown}
 x - a potion of mutation {unknown}


   Skills:
 - Level 2.0 Fighting
 - Level 2.1 Dodging
 - Level 3.0 Stealth
 - Level 2.5 Spellcasting
 - Level 4.8 Conjurations
 + Level 9.9 Air Magic


You had 4 spell levels left.
You knew the following spells:

 Your Spells              Type           Power      Damage    Failure   Level
a - Shock                 Conj/Air       100%       1d9       1%          1
b - Static Discharge      Conj/Air       56%        2-5/arc   1%          2
c - Airstrike             Air            18%        2d(3-19)  3%          4

Your spell library contained the following spells:

 Spells                   Type           Power      Damage    Failure   Level
 Swiftness                Air            37%        N/A       1%          3
 Freeze                   Ice            8%         1d3       17%         1
 Hailstorm                Conj/Ice       11%        3d5       19%         3
 Ensorcelled Hibernation  Hex/Ice        4%         N/A       26%         2
 Passwall                 Tmut/Erth      1%         N/A       26%         2
 Frozen Ramparts          Ice            4%         1d1       45%         3


Dungeon Overview and Level Annotations

Branches:
Dungeon (5/15)
 Temple: D:4-7

Altars:
Cheibriados


Innate Abilities, Weirdness & Mutations

You have a beak for a mouth.
You have claws for feet.
Your magical nature lets you fly swiftly and evasively.


Message History

Aiming: Shock (safe; 1% risk of failure)
Press: ? - help, Shift-Dir - straight line, f - orc
Aim: an orc, wielding a +0 club (wandering, hasn't noticed you, 74% to hit)
The zap misses the orc.
The orc shouts!
Aiming: Shock (safe; 1% risk of failure)
Press: ? - help, Shift-Dir - straight line, f/p - orc
Aim: an orc, wielding a +0 club (74% to hit)
The zap hits the orc!
You kill the orc!
An orc priest comes into view. It is wielding a +0 club.
An orc wizard comes into view. It is wielding a +0 dagger.
Aiming: Airstrike (dangerous; 3% risk of failure)
Press: ? - help, Dir - move target, f - orc priest
Aim: an orc priest, wielding a +0 club (empty space bonus: 7/8)
You miscast Airstrike.
You are very lightly contaminated with residual magic.
Nothing appears to happen.
The orc wizard shouts!
The orc wizard gestures wildly while chanting.
The orc wizard flickers and vanishes!
Deactivating autopickup; reactivate with Ctrl-A.
Okay, then.
The orc priest looks encouraged for a moment.
Your magical contamination has completely faded away.
There is a stone staircase leading up here.
You fly upwards.
The orc warrior shouts!
Reactivating autopickup.
The orc warrior unwields a +0 short sword.
The orc warrior wields a +0 arbalest.
The orc warrior shoots a bolt.
The bolt hits you!
There is a stone staircase leading down here.
An orc warrior is nearby!
The orc warrior shoots a bolt.
The bolt hits you!
* * * LOW HITPOINT WARNING * * *
The orc warrior shoots a bolt.
The bolt barely misses you.
The orc shouts!
The orc warrior shoots a bolt.
The bolt hits you!
You die...

#.##..#..##.##..#.......####
##.##.....##o##..#.##.รท.## #
#....##.#...o......###...####
#.#..........##..........)...
#....##.#.>#.###.#.#####.###.
##.##.#.#..#.# #.#.# #.# ##
#.###.....#.###.#.# #.# # ###.#
##.#..#...#.#.# #<# # #...#
#.#...@....#.# #[# #
#.#.####.##.###.###.# #)# #
####...##..............# #.# #
.....####.#.#...#####..#####[####
.###............# #.......)....
.# ######.###...# #........####
.# #.....#.# #.########### .#
#######.#####.# #.< .# #.......#
#.#


You could see an orc warrior and an orc.

Vanquished Creatures
  A water moccasin (D:4)
  An ogre (D:5)
  A scorpion (D:5)
  2 hounds
  3 orc priests
  A gnoll bouda (D:5)
  2 iguanas
  Natasha (thrice) (D:3)
  2 orc wizards (D:4)
  3 gnolls
  5 adders
  A shadow imp (D:4)
  3 worms
  3 dart slugs
  23 orcs
  8 ball pythons
  9 endoplasms
  4 giant cockroaches
  7 hobgoblins
  3 jackals (D:3)
  5 kobolds
  3 quokkas
  5 bats
  3 frilled lizards
  4 goblins
  6 rats
111 creatures vanquished.

Notes
Turn   | Place    | Note
-------+----------+-------------------------------------------
     0 | D:1      | themarg the Tengu Air Elementalist began the quest for the
                  | Orb.
     0 | D:1      | Reached XP level 1. HP: 10/10 MP: 4/4
   385 | D:1      | Reached XP level 2. HP: 15/15 MP: 1/6
   388 | D:1      | Learned a level 2 spell: Static Discharge
   903 | D:2      | Reached XP level 3. HP: 7/19 MP: 2/7
  1350 | D:2      | Found a snail-covered altar of Cheibriados.
  1792 | D:2      | Reached XP level 4. HP: 24/24 MP: 2/8
  2106 | D:3      | Reached skill level 1 in Fighting
  2425 | D:3      | Gained mutation: Your magical nature lets you fly swiftly
                  | and evasively. [Tengu growth]
  2425 | D:3      | Reached XP level 5. HP: 30/30 MP: 4/9
  2495 | D:3      | Noticed Natasha
  2503 | D:3      | Killed Natasha
  2738 | D:3      | Noticed Natasha
  2744 | D:3      | Killed Natasha
  2941 | D:3      | Reached skill level 5 in Air Magic
  2974 | D:3      | Noticed Natasha
  2981 | D:3      | Killed Natasha
  3095 | D:4      | Learned a level 4 spell: Airstrike
  3098 | D:4      | Reached XP level 6. HP: 35/35 MP: 5/10
  3193 | D:4      | Noticed an orc warrior
  3255 | D:4      | Reached skill level 6 in Air Magic
  3683 | D:4      | Noticed a water moccasin
  3703 | D:4      | Killed a water moccasin
  3704 | D:4      | Reached skill level 7 in Air Magic
  3989 | D:4      | Reached XP level 7. HP: 37/40 MP: 6/11
  4574 | D:5      | Entered Level 5 of the Dungeon
  4723 | D:5      | Reached skill level 8 in Air Magic
  5026 | D:5      | Found a snail-covered altar of Cheibriados.
  5032 | D:5      | Reached skill level 9 in Air Magic
  5789 | D:4      | Shot with a bolt by an orc warrior

Illustrated notes

Levels and vault maps discovered:
D:1:      dpeg_arrival_windows_large_door, layout_basic, minmay_tiny_reverse_x
D:2:      layout_basic, basic_altar
D:3:      layout_basic, uniq_natasha
D:4:      layout_loops_ring, minmay_cut_off
D:5:      layout_rooms, lemuel_doored_altar, serial_corexii_hall,
          chequers_hall_statues_y, chequers_hall_statues_corner_a,
          nrook_loot_triangle, kennysheep_generic_room_3

Skill      XL: |  1  2  3  4  5  6  7 |
---------------+----------------------+-----
Conjurations   | 2 3 4 |  4.8
Stealth        | 3 |  3.0
Fighting       | 1 2 |  2.0
Air Magic      | 5 7 9 |  9.9
Dodging        | |  2.1
Spellcasting   | |  2.5

Action                     |  1- 3 |  4- 6 |  7- 9 || total
---------------------------+-------+-------+-------++-------
  Melee: Hand axe          |    13 |       |       ||    13
         Kick              |     1 |     3 |     2 ||     6
         Peck              |     2 |       |     2 ||     4
         Dagger            |       |     6 |     3 ||     9
   Cast: Shock             |    67 |    61 |    29 ||   157
         Static Discharge  |     7 |    30 |    14 ||    51
         Airstrike         |       |     1 |    18 ||    19
    Use: Scroll            |       |       |     3 ||     3
 Armour: Robe              |     4 |     2 |     2 ||     8
  Dodge: Dodged            |    18 |    26 |    15 ||    59

Table legend: (Time is in decaauts)
 A = Elapsed time spent in this place.
 B = Non-inter-level travel time spent in this place.
 C = Inter-level travel time spent in this place.
 D = Time resting spent in this place.
 E = Time spent auto-exploring this place.
 F = Levels seen in this place.
 G = Mean time per level.
                   A        B        C        D        E       F      G
               +--------+--------+--------+--------+--------+-----+--------+
         Total |   5663 |   5553 |    110 |    707 |   4112 |   5 | 1132.6 |
       Dungeon |   5663 |   5553 |    110 |    707 |   4112 |   5 | 1132.6 |
               +--------+--------+--------+--------+--------+-----+--------+

Top non-repeatable levels by time:
     D:4: 1406 daAuts
     D:3: 1174 daAuts
     D:2: 1057 daAuts
     D:1: 1031 daAuts
     D:5: 993 daAuts
